 Dungeon Crawl Stone Soup version 0.21-a0-153-g78480df (webtiles) character file.

303 Megalobster the Conjurer (level 6, -3/33 HPs)
             Began as a Deep Elf Conjurer on Aug 1, 2017.
             Slain by Grinder (8 damage)
             ... on level 3 of the Dungeon.
             The game lasted 00:12:42 (3644 turns).

Megalobster the Conjurer (Deep Elf Conjurer)        Turns: 3644, Time: 00:12:43

Health: -3/33      AC:  2    Str:  5    XL:     6   Next: 15%
Magic:  0/15       EV: 13    Int: 22    God:
Gold:   136        SH:  0    Dex: 15    Spells: 0/15 levels left

rFire    . . .     SeeInvis .   s - +2 dagger (venom)
rCold    . . .     Gourm    .   (no shield)
rNeg     . . .     Faith    .   a - +0 robe
rPois    .         Spirit   .   (no helmet)
rElec    .         Reflect  .   (no cloak)
rCorr    .         Harm     .   (no gloves)
MR       .....                  (no boots)
Stlth    +.........             (no amulet)
HPRegen  0.11/turn              w - ring of loudness (curse)
MPRegen  0.14/turn              (no ring)

@: no status effects
A: no striking features
a: no special abilities


You were on level 3 of the Dungeon.
You were hungry.

You visited 1 branch of the dungeon, and saw 3 of its levels.

You collected 136 gold pieces.

Inventory:

Hand Weapons
 k - a +0 whip
 m - a +0 dagger
 s - a +2 dagger of venom (weapon)
Missiles
 g - 43 sling bullets
 h - 84 stones (quivered)
Armour
 a - a +0 robe (worn)
Jewellery
 w - a cursed ring of loudness (left hand)
Wands
 A - a wand of random effects (40/48)
Scrolls
 i - a scroll of magic mapping {unknown}
 l - a scroll of blinking {unknown}
 o - a scroll of teleportation {unknown}
 p - a scroll of fog {unknown}
 q - a scroll of immolation {unknown}
 t - 2 scrolls of recharging
 x - a scroll of amnesia {unknown}
 y - a scroll of random uselessness {unknown}
Potions
 e - a potion of might
 f - a potion of haste
 u - a potion of invisibility
 v - 2 potions of curing
 z - a potion of agility {unknown}
Books
 b - a book of Conjurations

   Spells                             Type                      Level
   a - Magic Dart                     Conjuration                  1
   b - Searing Ray                    Conjuration                  2
   c - Dazzling Spray                 Conjuration/Hexes            3
   d - Fulminant Prism                Conjuration/Hexes            4
   e - Force Lance                    Conjuration/Translocation    4
   f - Iskenderun's Mystic Blast      Conjuration                  4
Comestibles
 c - 2 bread rations
 d - 4 meat rations
 j - 5 chunks of flesh
 r - a royal jelly


   Skills:
 + Level 0.4 Fighting
 - Level 2.4 Dodging
 + Level 2.9 Stealth
 + Level 5.0 Spellcasting
 * Level 6.6 Conjurations
 + Level 2.7 Hexes
 + Level 0.2 Translocations


You couldn't memorise any spells.
You knew the following spells:

 Your Spells              Type           Power        Failure   Level  Hunger
a - Magic Dart            Conj           ####         1%          1    None
b - Searing Ray           Conj           ####..       1%          2    None
c - Iskenderun's Mystic   Conj           ####....     6%          4    ####...
d - Fulminant Prism       Conj/Hex       ####......   14%         4    ####...
e - Force Lance           Conj/Tloc      ###.....     24%         4    ####...


Dungeon Overview and Level Annotations

Branches:
Dungeon (3/15)

Altars:

Annotations:
D:3 Grinder


Message History

Casting: Iskenderun's Mystic Blast
Confirm with . or Enter, or press ? or * to list all spells.
Aiming: Iskenderun's Mystic Blast
Press: ? - help, Shift-Dir - straight line, f/p - Grinder
Aim: Grinder (severely wounded)
The orb of energy hits Grinder.
Grinder is severely wounded.
The orb of energy explodes!
Casting: Iskenderun's Mystic Blast
Confirm with . or Enter, or press ? or * to list all spells.
Aiming: Magic Dart
Press: ? - help, Shift-Dir - straight line, f/p - Grinder
Aim: Grinder (severely wounded)
The magic dart hits Grinder.
Grinder is almost dead.
Grinder completely misses you.
You hit Grinder.
Grinder is poisoned.
Grinder is almost dead.
Grinder hits you!
You die...

#..##...# ##.......## ##
#..###..# ##.....## #
.........# ##...## #
##.......#######'## #
#.............#.# #
#.5##..# #.#.# # #.. #..#
##.#.#########
#..##..#####.#.>.........
#......5@...###...#######
#.###..#####.#...## #
#..# ##.#.##
#.###..######.###
#.............#
###############


You could see Grinder.

Vanquished Creatures
  A phantom (D:3)
  An orc priest (D:3)
  An orc wizard (D:3)
  A gnoll (D:1)
  3 adders
  An ooze (D:3)
  2 worms (D:3)
  4 dart slugs
  5 leopard geckos
  10 orcs (D:3)
  5 giant cockroaches
  7 hobgoblins
  8 jackals
  A quokka (D:2)
  4 ball pythons
  13 bats
  3 frilled lizards
  6 goblins
  7 kobolds
  5 rats
88 creatures vanquished.

Notes
Turn   | Place    | Note
-------+----------+-------------------------------------------
     0 | D:1      | Megalobster the Deep Elf Conjurer began the quest for the Orb.
     0 | D:1      | Reached XP level 1. HP: 10/10 MP: 6/6
   260 | D:1      | Reached XP level 2. HP: 15/15 MP: 1/8
   336 | D:1      | Learned a level 2 spell: Searing Ray
   434 | D:1      | Reached skill level 5 in Conjurations
   793 | D:1      | Reached XP level 3. HP: 19/19 MP: 7/10
  1615 | D:2      | Reached XP level 4. HP: 24/24 MP: 6/12
  1621 | D:2      | Learned a level 4 spell: Iskenderun's Mystic Blast
  1626 | D:2      | Learned a level 4 spell: Fulminant Prism
  2102 | D:2      | Reached skill level 1 in Hexes
  2518 | D:3      | Reached skill level 6 in Conjurations
  2518 | D:3      | Reached XP level 5. HP: 28/28 MP: 7/13
  2759 | D:3      | Noticed a phantom
  2900 | D:3      | Killed a phantom
  2900 | D:3      | Reached skill level 5 in Spellcasting
  2900 | D:3      | Reached XP level 6. HP: 18/33 MP: 5/15
  2906 | D:3      | Learned a level 4 spell: Force Lance
  3624 | D:3      | Noticed Grinder
  3630 | D:3      | Paralysed by Grinder for 2 turns
  3633 | D:3      | Paralysed by Grinder for 6 turns
  3644 | D:3      | Slain by Grinder

Vault maps used:
D:1:      roderic_crossed_star
D:2:      minmay_door_path, first_bread, grunt_ministairs_3
D:3:      uniq_grinder

Skill      XL: |  1  2  3  4  5 |
---------------+----------------+-----
Conjurations   | 5 6 |  6.6
Spellcasting   | 4 5 |  5.0
Hexes          | 1 2 |  2.7
Fighting       | |  0.4
Dodging        | |  2.4
Stealth        | |  2.9
Translocations | |  0.2

Action                   |  1- 3 |  4- 6 || total
-------------------------+-------+-------++-------
Melee: Dagger            |     1 |     3 ||     4
 Cast: Magic Dart        |    50 |    62 ||   112
       Searing Ray       |    12 |    17 ||    29
       Iskenderun's Myst |       |     2 ||     2
       Force Lance       |       |     1 ||     1
  Use: Scroll            |       |     5 ||     5
  Eat: Chunk             |     2 |     6 ||     8
Armor: Robe              |     5 |       ||     5
Dodge: Dodged            |    17 |    13 ||    30
